 Dungeon Crawl Stone Soup version 0.24-a0-535-gbb0d440638 (console) character file.

Game seed: 16938519933491733794

296 Apatiregn the Slasher (level 6, -4/48 HPs)
             Began as a Demonspawn Chaos Knight on Aug 10, 2019.
             Was a Plaything of Xom.
             Slain by a hound (6 damage)
             ... on level 4 of the Dungeon.
             The game lasted 00:46:59 (3581 turns).

Apatiregn the Slasher (Demonspawn Chaos Knight)     Turns: 3581, Time: 00:47:00

Health: -4/48      AC:  5    Str: 16    XL:     6   Next: 12%
Magic:  6/6        EV: 12    Int: 13    God:    Xom [.....*]
Gold:   80         SH:  0    Dex: 13    Spells: 5/5 levels left

rFire    . . .     SeeInvis .   a - +0 falchion (chaos)
rCold    . . .     Gourm    .   (no shield)
rNeg     . . .     Faith    .   p - +0 troll leather armour {Purgy}
rPois    .         Spirit   .   (no helmet)
rElec    .         Reflect  .   (no cloak)
rCorr    .         Harm     .   f - +0 pair of gloves
MR       .....     Clarity  +   (boots unavailable)
Stlth    ++........             (no amulet)
HPRegen  0.56/turn              m - ring of stealth
MPRegen  0.10/turn              (no ring)

@: no status effects
A: claws 1, hooves 3, clarity, demonic guardian 1, strong 1, evolution 1
a: Renounce Religion


You were on level 4 of the Dungeon.
You worshipped Xom.
You were Xom's teddy bear.
You were not hungry.

You visited 1 branch of the dungeon, and saw 4 of its levels.

You collected 80 gold pieces.

Inventory:

Hand Weapons
 a - a +0 falchion of chaos (weapon)
Armour
 b - a +2 leather armour
 f - a +0 pair of gloves (worn)
 p - a +0 troll leather armour (worn) {Purgy}
Jewellery
 m - a ring of stealth (left hand)
Wands
 n - a wand of flame (18)
Scrolls
 d - a scroll of amnesia
 g - a scroll of remove curse
 j - a scroll of fog
 s - a scroll of magic mapping {unknown}
 t - a scroll of enchant weapon {unknown}
Potions
 i - 3 potions of flight
 k - a potion of lignification
Comestibles
 c - 4 rations


   Skills:
 + Level 4.2 Fighting
 * Level 4.4 Long Blades
 + Level 2.9 Armour
 + Level 2.3 Dodging


You had 5 spell levels left.
You didn't know any spells.
Your spell library was empty.

Dungeon Overview and Level Annotations

Branches:
Dungeon (4/15)
 Temple: D:4-7

Altars:
Gozag
Uskayaw
Xom


Innate Abilities, Weirdness & Mutations

You have sharp fingernails.
You have hooves in place of feet.
A weak demonic guardian rushes to your aid.
You possess an exceptional clarity of mind.
Your muscles are strong. (Str +2)
You evolve.


Message History

You feel magically purged.
Xom roars with laughter!
You feel less wooden.
Your +0 pair of gloves unmelds from your body.
Your +0 troll leather armour {Purgy} unmelds from your body.
You feel yourself slow down.
You feel a little less agile now. Something bites you.
* * * LOW HITPOINT WARNING * * *
Something bites you.
* * * LOW HITPOINT WARNING * * *
Okay, then.
Okay, then.
Something bites you but does no damage.
You see here a rapier.
Something bites you.
* * * LOW HITPOINT WARNING * * *
Something barely misses you. Something bites you but does no damage.
Okay, then.
Something bites you.
You die...

########### #.........#
#..@......# .# #...
#.).......# #.# #..#
#.......%.# ..# #..#
#.........# ..######..#
#.........# ..##..##..#
#....?....# ..##..##..#
#.........##
..........####...........#
.......................#.#


There were no monsters in sight!

Vanquished Creatures
  An ogre (D:3)
  3 adders
  An ooze (D:3)
  A worm (D:2)
  A dart slug (D:1)
  2 leopard geckos (D:1)
  14 orcs
  2 giant cockroaches
  9 hobgoblins
  8 jackals
  5 kobolds
  7 bats
  2 frilled lizards (D:1)
  6 goblins
  9 rats
71 creatures vanquished.

Vanquished Creatures (collateral kills)
  Purgy (D:3)
  Ijyb (D:3)
  2 hobgoblins (D:3)
  A jackal (D:3)
  A frilled lizard (D:3)
6 creatures vanquished.

Grand Total: 77 creatures vanquished

Notes
Turn   | Place    | Note
-------+----------+-------------------------------------------
     0 | D:1      | Apatiregn the Demonspawn Chaos Knight began the quest for
                  | the Orb.
     0 | D:1      | Reached XP level 1. HP: 18/18 MP: 1/1
    39 | D:1      | XOM: potion effect (might)
   224 | D:1      | Gained mutation: A weak demonic guardian rushes to your
                  | aid. [demonic ancestry]
   224 | D:1      | Reached XP level 2. HP: 24/24 MP: 2/2
   231 | D:1      | XOM: enchant monster (good)
   379 | D:1      | XOM: scenery: create altars
   392 | D:1      | XOM: harmless Chrm miscast
   394 | D:1      | Reached skill level 1 in Dodging
   617 | D:1      | XOM: divination: magic mapping
   817 | D:1      | XOM: cloud trail
   859 | D:1      | Gained mutation: You have sharp fingernails. [demonic
                  | ancestry]
   859 | D:1      | Reached XP level 3. HP: 29/29 MP: 3/3
  1218 | D:2      | XOM: silly message
  1372 | D:2      | XOM: divination: magic mapping
  1461 | D:2      | XOM: silly message
  1957 | D:2      | XOM: mild Chrm miscast
  2035 | D:3      | Gained mutation: You have large cloven feet. [demonic
                  | ancestry]
  2035 | D:3      | Reached XP level 4. HP: 31/36 MP: 4/4
  2319 | D:3      | Noticed Ijyb
  2326 | D:3      | Killed Ijyb
  2389 | D:3      | Noticed Purgy
  2399 | D:3      | Killed Purgy
  2399 | D:3      | Gained mutation: You have hoof-like feet. [demonic
                  | ancestry]
  2399 | D:3      | Reached XP level 5. HP: 28/42 MP: 5/5
  2485 | D:3      | XOM: harmless Fire miscast
  2855 | D:3      | Found a hide-covered altar of Uskayaw.
  2863 | D:3      | Noticed an ogre
  2871 | D:3      | Killed an ogre
  2871 | D:3      | Reached XP level 6. HP: 48/48 MP: 6/6
  2914 | D:3      | XOM: harmless Pois miscast
  2954 | D:3      | XOM: give mutations
  2954 | D:3      | Gained mutation: You possess an exceptional clarity of
                  | mind. [Xom's grace]
  2954 | D:3      | Gained mutation: Your flesh is cold resistant. (rC+) [Xom's
                  | grace]
  2954 | D:3      | Gained mutation: You evolve. [Xom's grace]
  2959 | D:3      | XOM: scenery: 1 doors open
  3027 | D:3      | XOM: give mutations
  3027 | D:3      | Gained mutation: You are robust. (+10% HP) [Xom's mischief]
  3027 | D:3      | Gained mutation: Your muscles are strong. (Str +2) [Xom's
                  | mischief]
  3027 | D:3      | Gained mutation: You are dopey. (Int -2) [Xom's mischief]
  3047 | D:3      | Lost mutation: You are dopey. (Int -2) [evolution]
  3188 | D:3      | Found an opulent altar of Gozag.
  3247 | D:3      | XOM is BORED!
  3247 | D:3      | XOM: medium Tmut miscast
  3571 | D:4      | Lost mutation: Your flesh is cold resistant. (rC+) [potion
                  | of mutation]
  3571 | D:4      | Lost mutation: You are robust. (+10% HP) [potion of
                  | mutation]
  3571 | D:4      | Gained mutation: You have hooves in place of feet. [potion
                  | of mutation]
  3571 | D:4      | HP: 1/48 [something (5)]
  3578 | D:4      | HP: 1/48 [something (4)]
  3581 | D:4      | Slain by a hound

Levels and vault maps discovered:
D:1:      elethiomel_arrival_quiet, layout_basic
D:2:      kennysheep_big_flooded_room, layout_basic, first_ration
D:3:      layout_basic, eat_drink_and_be_merry_uskayaw, grunt_gozag_statues,
          uniq_purgy, uniq_ijyb
D:4:      layout_basic, hangedman_decor_growths, uniq_crazy_yiuf_cottage,
          uniq_grinder, uniq_blork_the_orc

Skill      XL: |  1  2  3  4 |
---------------+-------------+-----
Long Blades    | 3 4 |  4.4
Dodging        | 1 2 |  2.3
Armour         | 2 |  2.9
Fighting       | 4 |  4.2

Action                   |  1- 3 |  4- 6 || total
-------------------------+-------+-------++-------
Melee: Falchion          |   118 |    67 ||   185
       Kick              |       |    28 ||    28
  Use: Scroll            |     1 |     5 ||     6
       Potion            |       |     6 ||     6
 Stab: Paralysed         |     2 |       ||     2
       Distracted        |       |     1 ||     1
  Eat: Ration            |     1 |     2 ||     3
Armor: Leather armour    |    80 |    11 ||    91
       Troll leather arm |       |    11 ||    11
       Skin              |       |     7 ||     7
Dodge: Dodged            |    85 |    72 ||   157
       Rpst.: Falchion   |    29 |    20 ||    49

Table legend:
 A = Non-vault XP
 B = Vault XP
 C = Vault XP percentage of total XP
 D = Non-vault monster count
 E = Vault monster count
 F = Vault count percentage of total count
                 A         B        C        D         E       F
            +---------+---------+-------+---------+---------+-------
      Total |     267 |     156 |  36.9 |      73 |       4 |   5.2
            +---------+---------+-------+---------+---------+-------
        D:1 |      44 |       0 |   0.0 |      25 |       0 |   0.0
        D:2 |      47 |       4 |   7.8 |      19 |       2 |   9.5
        D:3 |     161 |     152 |  48.6 |      24 |       2 |   7.7
        D:4 |      15 |       0 |   0.0 |       5 |       0 |   0.0
            +---------+---------+-------+---------+---------+-------
